 Dungeon Crawl Stone Soup version 0.29-a0-824-gd827844252 (webtiles) character file.

Game seed: 8533153266608038055

75399 coolguy69 the Blocker (level 15, -2/80 HPs)
             Began as a Vine Stalker Monk on July 10, 2022.
             Was the Champion of Okawaru.
             Slain by an orc knight
             ... wielding a +0 great sword
              (16 damage)
             ... on level 1 of the Orcish Mines.
             The game lasted 00:31:16 (19730 turns).

coolguy69 the Blocker (Vine Stalker Monk)          Turns: 19730, Time: 00:31:16

Health: -2/80      AC: 37    Str: 19    XL:     15   Next: 50%
Magic:  0/22       EV: 16    Int: 10    God:    Okawaru [******]
Gold:   2815       SH: 12    Dex: 19    Spells: 14/14 levels left

rFire   . . .      SeeInvis .   a - +3 dagger (drain)
rCold   x . .      Faith    .   d - +3 warlock's mirror {reflect}
rNeg    . . .      Spirit   +   k - +6 plate armour of the Big Bang {+Blink rC- Regen+ Slay+4}
rPois   .          Reflect  +   e - +2 helmet
rElec   .          Harm     .   b - +2 cloak {Will+}
rCorr   .          Rampage  .   z - +1 pair of gloves
Will    ++...                   (no boots)
Stlth   +.........              (no amulet)
HPRegen 1.83/turn               m - +4 ring of evasion
MPRegen 0.18/turn               L - +4 ring of protection

@: heroic
A: fangs 3, regeneration 1, magic shield, antimagic bite, no potion heal 2,
deterioration 1
a: Renounce Religion, Evoke Blink, Heroism, Finesse, Duel


You were on level 1 of the Orcish Mines.
You worshipped Okawaru.
Okawaru was exalted by your worship.
You visited 4 branches of the dungeon, and saw 21 of its levels.

You collected 3073 gold pieces.
You spent 258 gold pieces at shops.

Inventory:

Hand Weapons
 a - a +3 dagger of draining (weapon)
Armour
 b - a +2 cloak of willpower (worn)
 d - the +3 warlock's mirror (worn) {reflect}
   (You acquired it on level 9 of the Dungeon)

   It can block and reflect piercing ranged attacks and magical attacks against
   the wielder's willpower.
 e - a +2 helmet (worn)
 k - the +6 plate armour of the Big Bang (worn) {+Blink rC- Regen+ Slay+4}
   (Okawaru gifted it to you on level 6 of the Lair of Beasts)

   Slay:      It affects your accuracy & damage with ranged weapons and melee
   (+4).
   rC:        It makes you vulnerable to cold.
   +Blink:    It lets you blink.
   Regen:     It increases your rate of health regeneration.
 z - a +1 pair of gloves (worn)
Jewellery
 m - a +4 ring of evasion (left hand)
 n - an amulet of the acrobat
 t - a ring of poison resistance
 B - a ring of see invisible
 L - a +4 ring of protection (right hand)
Wands
 h - a wand of polymorph (5)
 l - a wand of roots (19)
 s - a wand of flame (35)
 E - a wand of acid (11)
 F - a wand of paralysis (6)
 K - a wand of mindburst (10)
Scrolls
 f - 12 scrolls of identify
 g - 9 scrolls of teleportation
 i - 3 scrolls of brand weapon
 o - 5 scrolls of magic mapping
 q - 3 scrolls of poison
 r - 2 scrolls of vulnerability
 u - 5 scrolls of fear
 y - a scroll of torment
 D - a scroll of blinking
 G - a scroll of fog
 J - 2 scrolls of amnesia
 M - a scroll of enchant weapon
Potions
 c - 9 potions of ambrosia
 j - 5 potions of curing
 p - a potion of cancellation
 v - 4 potions of attraction
 w - 4 potions of haste
 x - a potion of brilliance
 A - 3 potions of heal wounds
 C - 3 potions of magic
 H - 2 potions of berserk rage
 I - 2 potions of might


   Skills:
 + Level 10.1(15.1) Fighting
 - Level 10.0(15.0) Short Blades
 + Level 11.9(16.9) Armour
 + Level 7.0(12.0) Dodging
 + Level 8.3(13.3) Stealth
 + Level 12.2(17.2) Shields
 * Level 8.5 Invocations


You had 14 spell levels left.
You didn't know any spells.
Your spell library contained the following spells:

 Spells                   Type           Power      Damage    Failure   Level
 Apportation              Tloc           0%         N/A       99%         1
 Foxfire                  Conj/Fire      0%         2x1d4     99%         1
 Necrotise                Necr           0%         1d4       99%         1
 Ensorcelled Hibernation  Hex/Ice        0%         N/A       100%        2
 Passwall                 Tmut/Erth      0%         N/A       100%        2
 Confusing Touch          Hex            0%         N/A       100%        3
 Conjure Flame            Conj/Fire      0%         6-21      100%        3
 Frozen Ramparts          Ice            0%         1d2       100%        3
 Ignite Poison            Fire/Tmut/Pois 0%         N/A       100%        3
 Inner Flame              Hex/Fire       0%         N/A       100%        3
 Portal Projectile        Hex/Tloc       0%         N/A       100%        3
 Swiftness                Air            0%         N/A       100%        3
 Flame Wave               Conj/Fire      0%         2d4       100%        4
 Fulminant Prism          Conj/Hex       0%         3d6       100%        4
 Ice Form                 Ice/Tmut       0%         N/A       100%        4
 Iskenderun's Mystic Bla  Conj/Tloc      0%         2d3       100%        4
 Olgreb's Toxic Radiance  Pois           0%         N/A       100%        4
 Sticky Flame             Conj/Fire      0%         2d3       100%        4
 Blade Hands              Tmut           0%         N/A       100%        5
 Lee's Rapid Deconstruct  Erth           0%         3d5*      100%        5
 Yara's Violent Unravell  Hex/Tmut       0%         3d3       100%        5
 Eringya's Noxious Bog    Tmut/Pois      0%         N/A       100%        6
 Enfeeble                 Hex            0%         N/A       100%        7
 Orb of Destruction       Conj           0%         9d5       100%        7
 Ozocubu's Refrigeration  Ice            0%         4d5       100%        7
 Storm Form               Tmut/Air       0%         N/A       100%        7
 Ignition                 Fire           0%         3d3       100%        8
 Maxwell's Capacitive Co  Air            0%         ∞         100%        8
 Summon Small Mammal      Summ           Unusable   N/A       N/A         1
 Summon Guardian Golem    Hex/Summ       Unusable   N/A       N/A         3
 Tukima's Dance           Hex            Unusable   N/A       N/A         3
 Summon Ice Beast         Ice/Summ       Unusable   N/A       N/A         4
 Summon Lightning Spire   Summ/Air       Unusable   N/A       N/A         4
 Summon Forest            Summ/Tloc      Unusable   N/A       N/A         5
 Spellforged Servitor     Conj/Summ      Unusable   N/A       N/A         7
 Summon Hydra             Summ           Unusable   N/A       N/A         7

Dungeon Overview and Level Annotations

Branches:
Dungeon (12/15)            Temple (1/1) D:7            Lair (6/6) D:10
 Shoals (0/4) Lair:4       Spider (0/4) Lair:4        Slime (0/5) Lair:6
    Orc (2/2) D:12
    Elf: Orc:2

Altars:
Cheibriados
Elyvilon
Fedhas
Gozag
Hepliaklqana
Kikubaaqudgha
Nemelex Xobeh
Okawaru
Ru
Sif Muna
Trog
Uskayaw
Vehumet
Xom
Yredelemnul
Zin
The Shining One

Shops:
D:5 *(   D:6 *([(

Portals:
Ossuary: D:5

Annotations:
D:5 1 runed translucent door, pdpol's ghost, novice DrCj
D:8 3 runed translucent doors, SirDiesAlot's ghost, novice DgFE
D:9 2 transporters


Innate Abilities, Weirdness & Mutations

You have razor-sharp teeth.
Your natural rate of healing is unusually fast.
When hurt, damage is shared between your health and your magic reserves.
Your bite disrupts and absorbs the magic of your enemies.
Potions cannot restore your health.
Your body sometimes deteriorates upon taking damage.


Message History

You gain the combat prowess of a mighty hero.
The orc warrior hits you with a +0 scimitar!!
You block the orc's attack.
The orc knight hits you with a +0 great sword!
* * * LOW HITPOINT WARNING * * *
You are too injured to fight recklessly!
You are too injured to fight recklessly!
You are too injured to fight recklessly!
You hit the orc knight but do no damage.
You bite the orc knight. You drain its power.
You feel invigorated.
The orc knight is moderately wounded.
The orc warrior hits you with a +0 scimitar!!
* * * LOW HITPOINT WARNING * * *
You block the orc knight's attack. The orc hits you but does no damage.
You hit the orc knight.
The orc knight is heavily wounded.
You hit the orc knight. You drain the orc knight.
Your bite misses the orc knight.
The orc knight is heavily wounded.
You block the orc warrior's attack. The orc closely misses you.
The orc knight barely misses you.
You hit the orc knight but do no damage.
You bite the orc knight. You drain its power.
You feel invigorated.
The orc knight is heavily wounded.
Unknown command.
You hit the orc knight but do no damage.
Your bite misses the orc knight.
The orc knight is heavily wounded.
You block the orc warrior's attack. The orc closely misses you.
The orc knight closely misses you.
You hit the orc knight but do no damage.
You drain the orc knight.
The orc knight is severely wounded.
Unknown command.
You closely miss the orc knight.
You bite the orc knight, but do no damage.
The orc knight is severely wounded.
You block the orc warrior's attack. The orc misses you.
The orc knight hits you with a +0 great sword!!
You die...

...##..#....#
#.))...#....#
##...#####..#
....))##...## ###
......)#....# #.##
.).##.)..######..##
<####.....###.#...#
.####....).#...)oo#
###....#.))##).#@o####
##....##.†..)##.....##
#..)#####....####....#
#.#..)#......###....##
###.).....##.)#..####
###...#####...##
#....# ##..# ##...#
#..## ##.## ##.#


You could see an orc knight (strong, drained), an orc warrior (strong) and an
orc (strong).

Vanquished Creatures
  Fannar (D:11)
  4 hydras
  4 catoblepae
  2 two-headed ogres (D:10)
  15 death yaks
  The ghost of Wiilli the Nimble, a journeyman SpVM of Vehumet (D:11)
  4 lindwurms (Lair:4)
  An orb spider (Lair:4)
  3 manticores
  An orc sorcerer (Orc:1)
  A merfolk siren (Lair:4)
  A cyclops (D:11)
  Joseph (D:7)
  30 elephants
  2 ice statues
  8 black mambas
  19 cane toads
  A torpor snail (Lair:5)
  A gargoyle (D:11)
  An unseen horror (D:12)
  6 rime drakes
  3 freezing wraiths
  2 kobold demonologists
  An entropy weaver simulacrum (Lair:5)
  15 komodo dragons
  An anaconda simulacrum (Lair:5)
  3 trolls
  An ice devil (Lair:5)
  3 merfolk (Lair:4)
  8 polar bears
  A queen bee (D:11)
  A hornet (D:9)
  11 dream sheep
  14 blink frogs
  2 wraiths (D:11)
  A shadow (D:11)
  A vampire (D:8)
  46 yaks
  4 basilisks
  7 wyverns
  2 steam dragons
  Grum (D:8)
  A warg (Orc:1)
  17 water moccasins
  7 ice beasts
  10 orc warriors
  2 black bears
  A sky beast (D:7)
  3 ogres
  17 wolves
  4 centaurs
  A phantom (D:7)
  16 bullfrogs
  3 necrophages (D:6)
  5 kobold brigands
  A cane toad simulacrum (Lair:5)
  2 gnoll sergeants
  A wyvern zombie (D:6)
  3 scorpions
  37 killer bees
  4 howler monkeys
  A centaur zombie (D:6)
  3 jellies
  11 orc priests
  4 hounds
  7 iguanas
  18 orc wizards
  A troll simulacrum (Lair:5)
  7 adders
  8 gnolls
  A naga simulacrum (Lair:5)
  5 white imps
  An ufetubus (D:5)
  2 worms
  A dart slug (D:4)
  94 orcs
  7 bats
  4 endoplasms
  5 giant cockroaches
  9 goblins
  7 hobgoblins
  31 kobolds
  4 quokkas
  7 ball pythons
  2 frilled lizards
  4 rats
614 creatures vanquished.

Vanquished Creatures (others)
  A cane toad (Lair:6)
  A yak (Lair:5)
  A bush (D:12)
  2 demonic plants (D:1)
  59 fungi
  50 plants
114 creatures vanquished.

Grand Total: 728 creatures vanquished

Notes
Turn   | Place    | Note
-------+----------+-------------------------------------------
     0 | D:1      | coolguy69 the Vine Stalker Monk began the quest for the
                  | Orb.
     0 | D:1      | Reached XP level 1. HP: 11/11 MP: 2/2
   139 | D:1      | Reached XP level 2. HP: 7/16 MP: 3/3
   358 | D:1      | Found a faded altar of an unknown god.
  1117 | D:2      | Reached XP level 3. HP: 20/20 MP: 4/4
  1663 | D:2      | HP: 1/20 [adder (1)]
  2086 | D:2      | Gained mutation: Your natural rate of healing is unusually
                  | fast. [Vine Stalker growth]
  2086 | D:2      | Reached XP level 4. HP: 24/24 MP: 5/5
  2486 | D:3      | Found a glowing silver altar of Zin.
  2487 | D:3      | Found a sacrificial altar of Ru.
  2643 | D:3      | Reached XP level 5. HP: 28/28 MP: 6/6
  2672 | D:3      | Found a white marble altar of Elyvilon.
  3547 | D:4      | Reached skill level 5 in Stealth
  3547 | D:4      | Reached XP level 6. HP: 32/32 MP: 5/7
  3751 | D:5      | Entered Level 5 of the Dungeon
  3861 | D:5      | Identified the +10 sling of Havoc {vorpal, rN+ Int+8 Dex-4
                  | Stlth+}
  3890 | D:5      | Found Ytzoig's Elemental Accessories.
  3979 | D:5      | Found Caeqe's Antique Weapon Emporium.
  4024 | D:5      | Found a runed translucent door.
  4063 | D:5      | Noticed pdpol's ghost (novice DrCj)
  4169 | D:5      | Found a sand-covered staircase.
  4186 | D:5      | Reached XP level 7. HP: 31/36 MP: 6/8
  4389 | D:6      | Found Urghis's Armour Shoppe.
  4401 | D:6      | Bought a +2 cloak of willpower for 258 gold pieces
  4457 | D:6      | Identified the +0 chain mail of Pan-Flutes {Int+3 Dex+6}
  4462 | D:6      | Found an opulent altar of Gozag.
  4568 | D:6      | Found Turogapu's Weapon Emporium.
  4572 | D:6      | Found Seuttok's Antique Weapon Shoppe.
  4699 | D:6      | Reached skill level 5 in Short Blades
  4743 | D:6      | Reached skill level 1 in Armour
  4743 | D:6      | Gained mutation: You have razor-sharp teeth. [Vine Stalker
                  | growth]
  4743 | D:6      | Reached XP level 8. HP: 39/41 MP: 9/9
  5186 | D:6      | Found a basalt altar of Yredelemnul.
  5218 | D:6      | Found Niquh's Assorted Antiques.
  5355 | D:7      | Noticed Joseph
  5370 | D:7      | Killed Joseph
  5477 | D:7      | Reached XP level 9. HP: 46/46 MP: 10/10
  5741 | D:7      | Reached skill level 5 in Fighting
  5785 | D:7      | Found a staircase to the Ecumenical Temple.
  5800 | Temple   | Entered the Ecumenical Temple
  5822 | Temple   | Became a worshipper of Warmaster Okawaru
  5822 | Temple   | Reached * piety under Okawaru
  5822 | Temple   | Reached ** piety under Okawaru
  5922 | D:7      | Found an ancient bone altar of Kikubaaqudgha.
  5922 | D:7      | Found a sparkling altar of Nemelex Xobeh.
  6140 | D:7      | Found a shimmering altar of Xom.
  6177 | D:7      | Found a blossoming altar of Fedhas.
  6318 | D:7      | Gained mutation: Your body sometimes deteriorates upon
                  | taking damage. [potion of mutation]
  6946 | D:8      | Found a runed translucent gate.
  6946 | D:8      | Found a runed translucent gate.
  6946 | D:8      | Found a runed translucent gate.
  6948 | D:8      | Noticed SirDiesAlot's ghost (novice DgFE)
  7036 | D:8      | Noticed Grum
  7060 | D:8      | Killed Grum
  7061 | D:8      | Reached XP level 10. HP: 28/53 MP: 8/11
  7067 | D:8      | Reached *** piety under Okawaru
  7068 | D:8      | Reached skill level 5 in Armour
  7917 | D:9      | Found a transporter.
  7934 | D:9      | Found a transporter.
  8174 | D:9      | Paralysed by a hornet for 1 turns
  8204 | D:9      | Identified a scroll of acquirement
  8206 | D:9      | Acquired the +3 warlock's mirror {reflect}
  8206 | D:9      | Found the +3 warlock's mirror {reflect}
  8430 | D:10     | Entered Level 10 of the Dungeon
  8436 | D:10     | Noticed a two-headed ogre
  8450 | D:9      | Reached **** piety under Okawaru
  8505 | D:9      | Reached skill level 1 in Shields
  8542 | D:9      | Received a gift from Okawaru
  8561 | D:10     | Noticed a kobold demonologist
  8565 | D:10     | Found a staircase to the Lair.
  8569 | D:10     | Noticed a kobold demonologist
  8571 | D:10     | Noticed a smoke demon
  8581 | D:9      | Reached XP level 11. HP: 32/58 MP: 5/12
  8592 | D:9      | Reached skill level 2 in Shields
  8635 | D:10     | Killed a two-headed ogre
  8850 | D:10     | Reached skill level 3 in Shields
  8924 | D:10     | Noticed a two-headed ogre
  8934 | D:10     | Killed a two-headed ogre
  8934 | D:10     | Reached ***** piety under Okawaru
  9453 | D:10     | Acquired 1249 gold pieces
  9517 | D:11     | Reached skill level 4 in Shields
  9726 | D:11     | Noticed a cyclops
  9739 | D:11     | Killed a cyclops
  9874 | D:11     | Found a runed translucent gate.
  9876 | D:11     | Found a runed translucent gate.
  9878 | D:11     | Found a runed translucent gate.
  9879 | D:11     | Noticed Wiilli's ghost (journeyman SpVM)
 10016 | D:11     | Identified the +4 chain mail "Kaplogh" {rC+} (Okawaru
                  | gifted it to you on level 11 of the Dungeon)
 10016 | D:11     | Received a gift from Okawaru
 10059 | D:11     | Reached skill level 5 in Dodging
 10091 | D:11     | Reached skill level 5 in Shields
 10427 | D:11     | Noticed Fannar
 10454 | D:11     | Killed Fannar
 10455 | D:11     | Reached skill level 1 in Invocations
 10455 | D:11     | Reached XP level 12. HP: 63/63 MP: 13/13
 10648 | Lair:1   | Entered Level 1 of the Lair of Beasts
 11102 | Lair:1   | Reached skill level 10 in Short Blades
 11149 | Lair:1   | Reached skill level 6 in Shields
 11769 | Lair:2   | Received a gift from Okawaru
 11784 | Lair:2   | Reached skill level 7 in Shields
 12057 | Lair:2   | Noticed a death yak
 12058 | Lair:2   | Noticed a death yak
 12059 | Lair:2   | Noticed a death yak
 12118 | Lair:2   | Killed a death yak
 12156 | Lair:2   | Killed a death yak
 12158 | Lair:2   | Killed a death yak
 12269 | Lair:2   | Reached XP level 13. HP: 68/68 MP: 16/16
 12460 | Lair:2   | Identified the +0 ring mail "Kefus" {-Tele rF++ rCorr
                  | Int+8} (Okawaru gifted it to you on level 2 of the Lair of
                  | Beasts)
 12460 | Lair:2   | Received a gift from Okawaru
 12461 | Lair:2   | Reached skill level 8 in Shields
 12533 | Lair:3   | Reached skill level 10 in Armour
 13041 | Lair:3   | Reached ****** piety under Okawaru
 13159 | Lair:3   | Reached skill level 9 in Shields
 13179 | Lair:3   | Reached skill level 5 in Invocations
 14078 | Lair:4   | Found a hole to the Spider Nest.
 14318 | Lair:4   | Received a gift from Okawaru
 14440 | Lair:4   | Found a staircase to the Shoals.
 14466 | Lair:4   | Reached XP level 14. HP: 32/75 MP: 16/19
 14949 | Lair:5   | Reached skill level 10 in Shields
 14964 | Lair:5   | Identified the +2 pair of gloves "Symeanyi" {rF- Dex+3}
                  | (Okawaru gifted it to you on level 5 of the Lair of Beasts)
 14964 | Lair:5   | Received a gift from Okawaru
 17181 | Lair:6   | Entered Level 6 of the Lair of Beasts
 17293 | Lair:6   | Reached skill level 11 in Shields
 17359 | Lair:6   | Identified the +6 plate armour of the Big Bang {+Blink rC-
                  | Regen+ Slay+4} (Okawaru gifted it to you on level 6 of the
                  | Lair of Beasts)
 17359 | Lair:6   | Received a gift from Okawaru
 17722 | Lair:6   | Reached XP level 15. HP: 79/80 MP: 21/21
 18233 | Lair:6   | Reached skill level 10 in Fighting
 18300 | Lair:6   | Reached skill level 12 in Shields
 18667 | Lair:6   | Found a staircase to the Slime Pits.
 19169 | D:11     | Killed Wiilli's ghost
 19414 | D:12     | Found a staircase to the Orcish Mines.
 19435 | Orc:1    | Entered Level 1 of the Orcish Mines
 19689 | Orc:2    | Entered Level 2 of the Orcish Mines
 19704 | Orc:2    | Noticed an orc warlord
 19730 | Orc:1    | Slain by an orc knight

Illustrated notes

Levels and vault maps discovered:
D:1:      minmay_arrival_five_plusses, layout_loops_corners,
          shapermc_ecumenical_altar_gd, lemuel_old_faithful
D:2:      layout_basic
D:3:      layout_basic, gammafunk_temple_overflow_pools, elyvilon_altar_5
D:4:      layout_basic, nicolae_figureground_sparkle
D:5:      layout_basic, ebering_ghost_sewer_d, serial_shops, shop,
          enter_ossuary_2, nicolae_elemental_shop
D:6:      layout_basic, lemuel_zombie_altar_yredelemnul, lemuel_tele_altar,
          serial_shops, nicolae_shop_advertising_works
          [nicolae_subvault_shop_adworks], shop_fountains, shop_statue,
          nicolae_shop_temple_entry_statues_fountains
D:7:      layout_basic, mainiacjoe_overflow_two_lobes, jmf_multi_god_temple,
          minmay_temple_entry_large_hall, uniq_joseph
D:8:      layout_loops_ring, gammafunk_ghost_nasty_kobolds, grunt_ministairs_6,
          uniq_grum
D:9:      gammafunk_steamed_eel, layout_basic, minmay_orc_keep
D:10:     layout_cave_pods, minmay_lair_entry_grove,
          hangedman_abyss_or_decor_stabs
D:11:     layout_basic, gammafunk_ghost_spectres, special_room
          [special_room_bee], hangedman_decor_lopped, uniq_fannar
D:12:     layout_basic, hiddenorc2_lemuel, serial_park_tiny_1,
          minmay_misc_feat_plants
Temple:   nicolae_temple_bog_church
Lair:1:   layout_regular_city
Lair:2:   layout_misc_corridors, grunt_forest_small_clearings,
          minmay_shattered_shrine, lemuel_fruit_fields
Lair:3:   nzn_winding_woodlands_small [nzn_winding_woodlands_5x15_crooked,
          nzn_winding_woodlands_center_pierced_h,
          nzn_winding_woodlands_5x15_pool], layout_cave_pods,
          grunt_megastairs_2, lemuel_fruit_fields
Lair:4:   layout_cave_pods, elwin_shoals_entry_stream,
          nicolae_spider_entry_orb_guardian, minmay_lindwurm_lava,
          grunt_megastairs_3, lemuel_fruit_fields
Lair:5:   dreamdust_isle_of_ice, layout_concentric_octagons
Lair:6:   evilmike_catoblepas_cave, layout_loops_ring,
          dpeg_slime_entry_enclosed, ice2_lemuel
Orc:1:    layout_diamond_mine
Orc:2:    grunt_orc_gardens, layout_caves, grunt_orc_garden, grunt_orc_garden,
          grunt_orc_garden, grunt_orc_garden, gammafunk_ghost_wrathful_warriors

Skill      XL: |  1  2  3  4  5  6  7  8  9 10 11 12 13 14 15 |
---------------+----------------------------------------------+-----
Short Blades   | 3 4 5 6 8 9 10 | 10.0
Fighting       | 3 4 5 6 7 8 9 10 | 10.1
Stealth        | 3 5 6 7 8 |  8.3
Dodging        | 3 4 5 6 7 |  7.0
Armour         | 1 3 4 7 8 9 10 11 | 11.9
Shields        | 1 5 7 9 11 12 | 12.2
Invocations    | 1 3 5 7 8 |  8.5

Action                   |  1- 3 |  4- 6 |  7- 9 | 10-12 | 13-15 || total
-------------------------+-------+-------+-------+-------+-------++-------
Melee: Short sword       |    83 |    11 |       |       |       ||    94
       Bite              |    15 |    49 |   142 |   437 |   964 ||  1607
       Punch             |     2 |       |     8 |     2 |       ||    12
       Dagger            |       |   154 |   384 |   957 |  1911 ||  3406
Invok: Heroism           |       |       |     1 |     5 |     6 ||    12
       Finesse           |       |       |       |       |     1 ||     1
  Use: Potion            |     5 |       |     5 |       |     3 ||    13
       Scroll            |       |     6 |    13 |    10 |     9 ||    38
 Stab: Sleeping          |     8 |    11 |       |       |     2 ||    21
       Invisible         |     1 |       |       |       |       ||     1
       Petrified         |       |       |       |       |     5 ||     5
       Petrifying        |       |       |       |       |     1 ||     1
Armor: Robe              |    14 |    20 |       |       |       ||    34
       Skin              |     6 |       |       |       |       ||     6
       Chain mail        |       |       |   134 |   256 |   375 ||   765
       Ring mail         |       |       |     9 |       |       ||     9
       Plate armour      |       |       |       |       |   263 ||   263
Dodge: Dodged            |    48 |    72 |   197 |   425 |   778 ||  1520
Block: Buckler           |       |       |       |   310 |   810 ||  1120
       Reflection        |       |       |       |     2 |    19 ||    21

Table legend: (Time is in decaauts)
 A = Elapsed time spent in this place.
 B = Non-inter-level travel time spent in this place.
 C = Inter-level travel time spent in this place.
 D = Time resting spent in this place.
 E = Time spent auto-exploring this place.
 F = Levels seen in this place.
 G = Mean time per level.
                   A        B        C        D        E       F      G
               +--------+--------+--------+--------+--------+-----+--------+
         Total |  18295 |  17554 |    741 |   1756 |  11672 |  21 |  871.2 |
       Dungeon |  10647 |  10305 |    342 |   1276 |   7015 |  12 |  887.2 |
        Temple |     33 |     23 |     10 |      0 |      8 |   1 |   33.0 |
          Lair |   7374 |   7004 |    370 |    480 |   4535 |   6 | 1229.0 |
  Orcish Mines |    240 |    222 |     18 |      0 |    113 |   2 |  120.0 |
               +--------+--------+--------+--------+--------+-----+--------+

Top non-repeatable levels by time:
  Lair:5: 1821 daAuts
  Lair:6: 1344 daAuts
    D:11: 1310 daAuts
     D:7: 1308 daAuts
  Lair:3: 1255 daAuts
     D:2: 1242 daAuts
  Lair:4: 1221 daAuts
     D:1: 1074 daAuts
     D:8: 1031 daAuts
  Lair:2: 912 daAuts
    D:10: 877 daAuts
     D:4: 846 daAuts
     D:6: 845 daAuts
  Lair:1: 820 daAuts
     D:9: 805 daAuts
